 Dungeon Crawl Stone Soup version 0.23.2-40-g277498a001 (webtiles) character file.

Game seed: 5511335521378782002

2439 Ihlosi the Skirmisher (level 9, -4/80 HPs)
             Began as a Yellow Draconian Conjurer on Sept 27, 2019.
             Slain by a hornet (8 damage)
             ... while paralysed by a hornet
             ... on level 7 of the Dungeon.
             The game lasted 00:27:47 (8701 turns).

Ihlosi the Skirmisher (Yellow Draconian Conjurer)   Turns: 8701, Time: 00:27:48

Health: -4/80      AC:  7    Str: 10    XL:     9   Next: 25%
Magic:  5/16       EV:  2    Int: 19    God:
Gold:   207        SH:  0    Dex: 15    Spells: 14/18 levels left

rFire    . . .     SeeInvis .   a - +2 dagger (venom)
rCold    . . .     Gourm    .   (no shield)
rNeg     . . .     Faith    .   (armour unavailable)
rPois    .         Spirit   .   (helmet restricted)
rElec    .         Reflect  .   (no cloak)
rCorr    +         Harm     .   (no gloves)
MR       .....                  (no boots)
Stlth    +++.......             (no amulet)
HPRegen  0.23/turn              j - +3 ring of dexterity
MPRegen  0.15/turn              (no ring)

@: paralysed, short of breath, slowed
A: spit acid, unfitting armour, cold-blooded, acid resistance, AC +7
a: Breathe Acid


You were on level 7 of the Dungeon.
You were not hungry.

You visited 1 branch of the dungeon, and saw 7 of its levels.

You collected 207 gold pieces.

Inventory:

Hand Weapons
 a - a +2 dagger of venom (weapon)
 h - a +1 falchion of slicing
 o - a +3 dagger
 t - a +2 whip of flaming
Missiles
 i - 28 bolts
 n - 29 poisoned needles
Jewellery
 d - an uncursed amulet of guardian spirit
 j - a +3 ring of dexterity (left hand)
 w - an uncursed ring of magical power {unknown}
Wands
 r - a wand of polymorph (7)
Scrolls
 f - 2 scrolls of fog {unknown}
 k - 3 scrolls of magic mapping {unknown}
 l - 3 scrolls of teleportation {unknown}
 p - 6 scrolls of identify
 q - a scroll of immolation {unknown}
 s - a scroll of enchant armour {unknown}
 v - a scroll of amnesia {unknown}
 x - a scroll of remove curse
Potions
 c - 2 potions of brilliance {unknown}
 e - a potion of curing
 g - a potion of resistance
 m - 2 potions of lignification {unknown}
 u - 2 potions of mutation {unknown}
Comestibles
 b - 11 rations


   Skills:
 * Level 7.6 Fighting
 * Level 2.7 Short Blades
 + Level 4.6 Dodging
 + Level 4.2 Stealth
 * Level 5.0 Spellcasting
 * Level 5.9 Conjurations
 - Level 1.0 Hexes
 * Level 2.8 Evocations


You had 14 spell levels left.
You knew the following spells:

 Your Spells              Type           Power        Failure   Level  Hunger
a - Magic Dart            Conj           ####         1%          1    None
b - Dazzling Spray        Conj/Hex       ###...       9%          3    ##.....

Your spell library contained the following spells:

 Spells                   Type           Power        Failure   Level  Hunger
 Searing Ray              Conj           ####..       1%          2    #......
 Iskenderun's Mystic Bla  Conj           ####....     11%         4    ####...
 Fulminant Prism          Conj/Hex       ###.......   30%         4    ####...
 Force Lance              Conj/Tloc      ###.....     36%         4    ####...


Dungeon Overview and Level Annotations

Branches:
Dungeon (7/15)
 Temple: D:4-7

Altars:
Elyvilon
Gozag
Makhleb
Trog
Vehumet


Innate Abilities, Weirdness & Mutations

You can spit globs of acid.
Your golden yellow scales are hard. (AC +7)
You cannot fit into any form of body armour.
You are cold-blooded and may be slowed by cold attacks.
You are resistant to acid. (rCorr)


Message History

You are poisoned.
You feel yourself slow down. The gnoll misses you.
The gnoll sergeant misses you. The hornet closely misses you.
You hit the hornet but do no damage.
The hornet looks as sick as possible!
The hornet is lightly wounded.
You feel sick. The hornet stings you.
You feel as though you will be slow longer.
The gnoll sergeant hits you from afar with a +0 trident!
* * * LOW HITPOINT WARNING * * *
The gnoll barely misses you.
The hornet stings you but does no damage.
You feel better. The hornet stings you.
* * * LOW HITPOINT WARNING * * *
You suddenly lose the ability to move!
The gnoll sergeant hits you from afar with a +0 trident!
* * * LOW HITPOINT WARNING * * *
The gnoll hits you from afar with a +0 halberd!
* * * LOW HITPOINT WARNING * * *
The hornet stings you!
You die...

....# ####%..
#.... ###
####..###...#
#...<.#......
#....).......
###.....#......
#..[....# .....
#..#.##@# ....
#..## ##yo.....
#.


ggg.... # gZ..... ....... ..%.... ....... ##..... You could see a hornet, a
gnoll sergeant, 3 gnolls, an orc and an adder skeleton.

Vanquished Creatures
  A queen bee (D:6)
  An orc warrior (D:6)
  A black bear (D:6)
  A phantom (D:4)
  2 sky beasts (D:6)
  3 ogres
  3 centaurs
  A bullfrog (D:6)
  4 scorpions
  A crimson imp (D:6)
  6 hounds
  2 centaur skeletons
  4 orc priests
  A bullfrog skeleton (D:4)
  6 orc wizards
  8 worker ants
  A hound skeleton (D:5)
  A worker ant zombie (D:6)
  3 gnolls (D:7)
  7 adders
  An ooze (D:4)
  An adder skeleton (D:4)
  2 worms
  4 dart slugs
  4 leopard geckos
  25 orcs
  A ball python (D:1)
  3 giant cockroaches
  10 goblins
  11 hobgoblins
  8 jackals
  A quokka (D:6)
  8 bats
  10 frilled lizards
  4 kobolds
  A leopard gecko zombie (D:6)
  A quokka skeleton (D:6)
  11 rats
163 creatures vanquished.

Vanquished Creatures (others)
  A slave (D:6)
  A crimson imp (D:6)
  A quokka (D:6)
3 creatures vanquished.

Grand Total: 166 creatures vanquished

Notes
Turn   | Place    | Note
-------+----------+-------------------------------------------
     0 | D:1      | Ihlosi the Draconian Conjurer began the quest for the Orb.
     0 | D:1      | Reached XP level 1. HP: 14/14 MP: 3/3
   464 | D:1      | Reached XP level 2. HP: 18/22 MP: 1/5
   719 | D:1      | Reached skill level 1 in Fighting
  1160 | D:1      | Reached XP level 3. HP: 28/28 MP: 6/6
  1725 | D:2      | Found a radiant altar of Vehumet.
  1817 | D:2      | Found a burning altar of Makhleb.
  1989 | D:2      | Found a faded altar of an unknown god.
  2625 | D:2      | Reached XP level 4. HP: 35/36 MP: 7/7
  2764 | D:3      | Reached skill level 2 in Fighting
  2796 | D:3      | Found a bloodstained altar of Trog.
  2937 | D:3      | Reached XP level 5. HP: 41/41 MP: 8/8
  3319 | D:3      | Learned a level 3 spell: Dazzling Spray
  3416 | D:3      | Reached skill level 3 in Fighting
  3849 | D:4      | Reached XP level 6. HP: 46/51 MP: 10/10
  3871 | D:4      | Found a white marble altar of Elyvilon.
  4316 | D:4      | Reached skill level 4 in Fighting
  4806 | D:4      | Your scales start taking on a golden yellow colour.
  4806 | D:4      | Reached XP level 7. HP: 35/60 MP: 3/12
  4806 | D:4      | Gained mutation: You are resistant to acid. (rCorr) [Yellow
                  | Draconian growth]
  5264 | D:4      | Reached skill level 5 in Fighting
  5334 | D:4      | Reached skill level 5 in Conjurations
  5535 | D:4      | Reached skill level 1 in Hexes
  5683 | D:5      | Entered Level 5 of the Dungeon
  5921 | D:5      | Reached XP level 8. HP: 59/70 MP: 14/14
  5962 | D:5      | Reached skill level 6 in Fighting
  6303 | D:5      | Reached skill level 1 in Evocations
  6838 | D:6      | Reached skill level 7 in Fighting
  7367 | D:6      | Reached skill level 1 in Short Blades
  7802 | D:6      | Reached XP level 9. HP: 72/79 MP: 16/16
  7810 | D:6      | Found an opulent altar of Gozag.
  7813 | D:6      | Noticed Pikel
  7873 | D:6      | Noticed Pikel
  7873 | D:6      | Pikel changed into Pikel the queen bee
  7882 | D:6      | Killed Pikel the queen bee
  8272 | D:6      | Reached skill level 5 in Spellcasting
  8701 | D:7      | Paralysed by a hornet for 2 turns
  8701 | D:7      | HP: 4/80 [gnoll/+0 halberd (9)]
  8701 | D:7      | Slain by a hornet

Skill      XL: |  1  2  3  4  5  6  7  8  9 |
---------------+----------------------------+-----
Fighting       | 1 2 3 4 5 7 |  7.6
Dodging        | 2 3 4 |  4.6
Stealth        | 2 3 4 |  4.2
Spellcasting   | 3 4 5 |  5.0
Conjurations   | 5 |  5.9
Hexes          | 1 |  1.0
Evocations     | 2 |  2.8
Short Blades   | 1 2 |  2.7

Action                   |  1- 3 |  4- 6 |  7- 9 || total
-------------------------+-------+-------+-------++-------
Melee: Unarmed           |    66 |       |       ||    66
       Tailslap          |    14 |    19 |    42 ||    75
       Hand axe          |    36 |       |       ||    36
       Dagger            |    55 |   180 |   294 ||   529
 Cast: Magic Dart        |    13 |     1 |     2 ||    16
       Dazzling Spray    |       |     5 |    26 ||    31
 Abil: Breathe Acid      |       |       |     3 ||     3
Evoke: Wand              |       |       |     2 ||     2
  Use: Scroll            |     2 |     2 |       ||     4
       Potion            |     1 |     6 |     2 ||     9
 Stab: Sleeping          |     5 |     2 |     4 ||    11
       Invisible         |       |     4 |     7 ||    11
  Eat: Chunk             |     5 |     7 |    14 ||    26
       Ration            |       |       |     1 ||     1
Armor: Skin              |    71 |    42 |    88 ||   201
Dodge: Dodged            |   108 |   119 |   210 ||   437
